PIO
HELENA BREWERS @ OREM OWLZ
08/24/2099
 
TOP OF THE 1ST
Helena Brewers batting - Pitching for Orem Owlz : RHP Nick Gilmer
Pitching: RHP Nick Gilmer
Batting: RHB Chris Nielsen 0-0: SINGLE (Groundball, 4MD, EV 100.0 MPH)
Batting: RHB David Minnis 0-0: Fly out, F8 (Flyball, 8LM, EV 90.0 MPH)
Batting: LHB James Walsh 0-0: Ball
Chris Nielsen is caught stealing 2nd base 2-6
1-0: Ball
2-0: Called Strike
2-1: Called Strike
2-2: Ball
3-2: Fly out, F3 (Popup, 34, EV 62.5 MPH)
Top of the 1st over - 0 runs, 1 hit, 0 errors, 0 left on base; Helena 0 - Orem 0
BOTTOM OF THE 1ST
Orem Owlz batting - Pitching for Helena Brewers : RHP Judah Williams
Pitching: RHP Judah Williams
Batting: RHB Manny Guerrero 0-0: Called Strike
0-1: Ball
1-1: Swinging Strike
1-2: Foul Ball, location: 2F
1-2: Ball
2-2: Foul Ball, location: 2F
2-2: Ball
3-2: TRIPLE (Line Drive, 89XD, EV 104.4 MPH)
Batting: RHB Edgar Palomera 0-0: Ball
1-0: Called Strike
1-1: Ball
2-1: Swinging Strike
2-2: SINGLE (Line Drive, 4MD, EV 109.4 MPH)
Manny Guerrero scores
Batting: RHB Dave Blair 0-0: Ball
1-0: Foul Ball, location: 9LDF
1-1: Foul Ball, location: 7LMFF
1-2: Ball
2-2: Grounds into double play, 6-4-3 (Groundball, 6, EV 87.5 MPH)
Batting: RHB Dustin Flowers 0-0: Swinging Strike
0-1: Ground out 3-1 (Groundball, 34, EV 83.8 MPH)
Bottom of the 1st over - 1 run, 2 hits, 0 errors, 0 left on base; Helena 0 - Orem 1
TOP OF THE 2ND
Helena Brewers batting - Pitching for Orem Owlz : RHP Nick Gilmer
Batting: RHB Alex Andrade 0-0: Called Strike
0-1: Foul Ball, location: 25F
0-2: Ball
1-2: SINGLE (Flyball, 8LS, EV 94.4 MPH)
Batting: RHB Matt Lewis 0-0: Ball
1-0: Ball
2-0: Called Strike
2-1: Ball
3-1: Foul Ball, location: 3FF
3-2: Base on Balls
Alex Andrade to second
Batting: LHB Jon Hendriks 0-0: Ball
1-0: Called Strike
1-1: Ball
2-1: Ball
3-1: Foul Ball, location: 5F
3-2: Base on Balls
Alex Andrade to third
Matt Lewis to second
Batting: RHB Matt Brooks 0-0: Fly out, F9 (Flyball, 9LM, EV 75.6 MPH)
Runner from 3rd tags up, SCORES, throw by RF
Matt Lewis to third
Batting: RHB Judah Williams 0-0: Ball
1-0: Ball
2-0: Ball
3-0: Called Strike
3-1: Fly out, F9 (Flyball, 9LS, EV 84.4 MPH)
Batting: RHB Danny Altamirano 0-0: Ball
1-0: Foul Ball, location: 9LMF
1-1: Called Strike
1-2: Foul Ball, location: 2RF
1-2: Ball
2-2: Ground out 4-3 (Groundball, 4, EV 80.0 MPH)
Top of the 2nd over - 1 run, 1 hit, 0 errors, 2 left on base; Helena 1 - Orem 1
BOTTOM OF THE 2ND
Orem Owlz batting - Pitching for Helena Brewers : RHP Judah Williams
Batting: RHB Greg Buchholtz 0-0: Swinging Strike
0-1: Swinging Strike
0-2: Ball
1-2: Strikes out looking
Batting: RHB Glenn Sciancalepore 0-0: Ball
1-0: Foul Ball, location: 25F
1-1: Fly out, F9 (Line Drive, 9, EV 94.4 MPH)
Batting: RHB Rich Howes 0-0: Swinging Strike
0-1: Ball
1-1: Ball
2-1: Ground out 5-3 (Groundball, 56S, EV 75.0 MPH)
Bottom of the 2nd over - 0 runs, 0 hits, 0 errors, 0 left on base; Helena 1 - Orem 1
TOP OF THE 3RD
Helena Brewers batting - Pitching for Orem Owlz : RHP Nick Gilmer
Batting: RHB Chris Nielsen 0-0: Called Strike
0-1: Fly out, F7 (Flyball, 7D, EV 110.0 MPH)
Batting: RHB David Minnis 0-0: Called Strike
0-1: Ball
1-1: Ball
2-1: Fly out, F8 (Line Drive, 8RD, EV 94.4 MPH)
Batting: LHB James Walsh 0-0: Ball
1-0: Ground out U3 (Groundball, 3, EV 85.6 MPH)
Top of the 3rd over - 0 runs, 0 hits, 0 errors, 0 left on base; Helena 1 - Orem 1
BOTTOM OF THE 3RD
Orem Owlz batting - Pitching for Helena Brewers : RHP Judah Williams
Batting: RHB Ruben Hernandez 0-0: Ball
1-0: Ball
2-0: Ball
3-0: Base on Balls
Batting: RHB Bobby Canfield 0-0: Foul Ball, location: 9LSF
0-1: Bunt missed!
0-2: Strikes out swinging
Batting: RHB Manny Guerrero 0-0: Swinging Strike
0-1: Foul Ball, location: 3DF
0-2: Ball
1-2: Strikes out swinging
Batting: RHB Edgar Palomera 0-0: Swinging Strike
0-1: Ball
1-1: Ball
2-1: Fielders Choice at 2nd, 6-4 (Groundball, 6, EV 88.1 MPH)
Bottom of the 3rd over - 0 runs, 0 hits, 0 errors, 1 left on base; Helena 1 - Orem 1
TOP OF THE 4TH
Helena Brewers batting - Pitching for Orem Owlz : RHP Nick Gilmer
Batting: RHB Alex Andrade 0-0: Called Strike
0-1: Ball
1-1: Ball
2-1: Ball
3-1: Swinging Strike
3-2: Strikes out swinging
Batting: RHB Matt Lewis 0-0: Ball
1-0: Ball
2-0: Called Strike
2-1: Foul Ball, location: 3F
2-2: Foul Ball, location: 5FF
2-2: Strikes out swinging
Batting: LHB Jon Hendriks 0-0: Foul Ball, location: 7LDF
0-1: Ball
1-1: Foul Ball, location: 2F
1-2: Fly out, F8 (Flyball, 8LM, EV 92.5 MPH)
Top of the 4th over - 0 runs, 0 hits, 0 errors, 0 left on base; Helena 1 - Orem 1
BOTTOM OF THE 4TH
Orem Owlz batting - Pitching for Helena Brewers : RHP Judah Williams
Batting: RHB Dave Blair 0-0: Called Strike
0-1: Ball
1-1: Ball
2-1: Swinging Strike
2-2: Foul Ball, location: 25F
2-2: Ball
3-2: Base on Balls
Batting: RHB Dustin Flowers 0-0: Called Strike
0-1: Foul Ball, location: 2F
0-2: Strikes out swinging
Batting: RHB Greg Buchholtz 0-0: Foul Ball, location: 2F
0-1: Ball
1-1: Foul Ball, location: 7LDF
1-2: Fly out, F7 (Line Drive, 7, EV 108.1 MPH)
Batting: RHB Glenn Sciancalepore 0-0: Called Strike
0-1: Called Strike
0-2: Foul Ball, location: 2F
0-2: Foul Ball, location: 2F
0-2: Foul Ball, location: 25FF
0-2: Ball
1-2: Ball
2-2: Fly out, F7 (Flyball, 78XD, EV 83.1 MPH)
Bottom of the 4th over - 0 runs, 0 hits, 0 errors, 1 left on base; Helena 1 - Orem 1
TOP OF THE 5TH
Helena Brewers batting - Pitching for Orem Owlz : RHP Nick Gilmer
Batting: RHB Matt Brooks 0-0: SINGLE (Groundball, 4D, EV 103.1 MPH)
Batting: RHB Judah Williams 0-0: Ball
1-0: Foul Ball, location: 3FF
1-1: Ball
2-1: Ball
Matt Brooks is caught stealing 2nd base 2-4
3-1: Base on Balls
Batting: RHB Danny Altamirano 0-0: Ball
1-0: Called Strike
1-1: Called Strike
1-2: Foul Ball, location: 23FF
1-2: Ball
2-2: Strikes out swinging
Batting: RHB Chris Nielsen 0-0: Called Strike
0-1: Hit by Pitch
Judah Williams to second
Batting: RHB David Minnis 0-0: Ball
Wild Pitch!
Judah Williams to third
Chris Nielsen to second
1-0: Called Strike
1-1: DOUBLE (Line Drive, 9LD, EV 97.5 MPH)
Judah Williams scores
Chris Nielsen scores
Batting: LHB James Walsh 0-0: Ball
1-0: Ball
2-0: Ball
3-0: Called Strike
3-1: Base on Balls
Pitching: LHP Alex Buendia
Batting: RHB Alex Andrade 0-0: Ball
1-0: Ground out 3-1 (Groundball, 34, EV 93.8 MPH)
Top of the 5th over - 2 runs, 2 hits, 0 errors, 2 left on base; Helena 3 - Orem 1
BOTTOM OF THE 5TH
Orem Owlz batting - Pitching for Helena Brewers : RHP Judah Williams
Batting: RHB Rich Howes 0-0: Foul Ball, location: 2F
0-1: Swinging Strike
0-2: Ball
1-2: Foul Ball, location: 9LMF
1-2: Hit by Pitch
Batting: RHB Ruben Hernandez 0-0: SINGLE (Groundball, 4MD, EV 105.0 MPH)
Rich Howes to second
Batting: RHB Bobby Canfield 0-0: Swinging Strike
0-1: SINGLE (Groundball, 34D, EV 98.1 MPH)
Rich Howes to third
Ruben Hernandez to second
Batting: RHB Manny Guerrero 0-0: Ball
1-0: Foul Ball, location: 2F
1-1: Called Strike
1-2: Ball
2-2: Ball
3-2: Strikes out swinging
Batting: RHB Edgar Palomera 0-0: Ball
1-0: Ball
2-0: SINGLE (Line Drive, 78S, EV 110.0 MPH)
Rich Howes scores
Ruben Hernandez to third
Bobby Canfield to second
Batting: RHB Dave Blair 0-0: Ball
1-0: Foul Ball, location: 9LMFF
1-1: Fly out, F7 (Flyball, 7D, EV 83.1 MPH)
Runner from 3rd tags up, SCORES, throw by LF
Bobby Canfield to third
Batting: RHB Dustin Flowers 0-0: Called Strike
0-1: Fly out, F8 (Flyball, 8LXD, EV 95.0 MPH)
Bottom of the 5th over - 2 runs, 3 hits, 0 errors, 2 left on base; Helena 3 - Orem 3
TOP OF THE 6TH
Helena Brewers batting - Pitching for Orem Owlz : LHP Alex Buendia
Batting: RHB Matt Lewis 0-0: Ball
1-0: SINGLE (Line Drive, 7S, EV 94.4 MPH)
Batting: LHB Jon Hendriks 0-0: Ball
1-0: Ball
2-0: Ball
3-0: Called Strike
3-1: Called Strike
3-2: Strikes out looking
Batting: RHB Matt Brooks 0-0: Fly out, F9 (Flyball, 89M, EV 78.8 MPH)
Batting: RHB Judah Williams 0-0: Ball
1-0: Swinging Strike
1-1: Foul Ball, location: 23FF
1-2: Foul Ball, location: 9LDF
1-2: Foul Ball, location: 9LDF
1-2: Strikes out swinging
Top of the 6th over - 0 runs, 1 hit, 0 errors, 1 left on base; Helena 3 - Orem 3
BOTTOM OF THE 6TH
Orem Owlz batting - Pitching for Helena Brewers : RHP Judah Williams
Batting: RHB Greg Buchholtz 0-0: Ball
1-0: Called Strike
1-1: Ball
2-1: Ball
3-1: Fly out, F6 (Popup, 6M, EV 50.6 MPH)
Batting: RHB Glenn Sciancalepore 0-0: Ball
1-0: Called Strike
1-1: Swinging Strike
1-2: Foul Ball, location: 5SF
1-2: Ground out 6-3 (Groundball, 56, EV 83.1 MPH)
Batting: RHB Rich Howes 0-0: Foul Ball, location: 5DF
0-1: Foul Ball, location: 9LMF
0-2: Ball
1-2: Ball
2-2: Foul Ball, location: 5SF
2-2: Fly out, F8 (Line Drive, 8RD, EV 92.5 MPH)
Bottom of the 6th over - 0 runs, 0 hits, 0 errors, 0 left on base; Helena 3 - Orem 3
TOP OF THE 7TH
Helena Brewers batting - Pitching for Orem Owlz : LHP Alex Buendia
Batting: RHB Danny Altamirano 0-0: Ball
1-0: Called Strike
1-1: Foul Ball, location: 25F
1-2: Ball
2-2: Foul Ball, location: 5F
2-2: Foul Ball, location: 2F
2-2: Foul Ball, location: 3SF
2-2: Ball
3-2: Strikes out swinging
Batting: RHB Chris Nielsen 0-0: Ball
1-0: Called Strike
1-1: Ball
2-1: Ball
3-1: Called Strike
3-2: Ground out 6-3 (Groundball, 6, EV 58.1 MPH)
Batting: RHB David Minnis 0-0: Called Strike
0-1: Ball
1-1: Swinging Strike
1-2: Fly out, F7 (Line Drive, 7D, EV 93.8 MPH)
Top of the 7th over - 0 runs, 0 hits, 0 errors, 0 left on base; Helena 3 - Orem 3
BOTTOM OF THE 7TH
Orem Owlz batting - Pitching for Helena Brewers : RHP Judah Williams
Pitching: RHP Lorenzo Parra
Batting: RHB Ruben Hernandez 0-0: Ball
1-0: SINGLE (Line Drive, 7S, EV 105.0 MPH)
Batting: RHB Bobby Canfield 0-0: Foul Ball, location: 3DF
0-1: Ball
1-1: Ball
2-1: Grounds into double play, 4-6-3 (Groundball, 34, EV 85.6 MPH)
Batting: RHB Manny Guerrero 0-0: Foul Ball, location: 2F
0-1: Ball
1-1: DOUBLE (Flyball, 8RXD, EV 108.1 MPH)
Batting: RHB Edgar Palomera 0-0: Foul Ball, location: 2F
0-1: Fly out, F8 (Flyball, 8LM, EV 96.9 MPH)
Bottom of the 7th over - 0 runs, 2 hits, 0 errors, 1 left on base; Helena 3 - Orem 3
TOP OF THE 8TH
Helena Brewers batting - Pitching for Orem Owlz : LHP Alex Buendia
Pitching: LHP Steve Markussen
Pinch Hitting: RHB Corey Sullivan 0-0: Called Strike
0-1: Foul Ball, location: 9LMF
0-2: Strikes out looking
Batting: RHB Alex Andrade 0-0: Ball
1-0: Ball
2-0: Called Strike
2-1: Ball
3-1: Base on Balls
Batting: RHB Matt Lewis 0-0: Ball
1-0: Foul Ball, location: 9LSF
1-1: Called Strike
1-2: Ball
2-2: Ball
3-2: Base on Balls
Alex Andrade to second
Pinch Hitting: RHB Philip Polle 0-0: Called Strike
0-1: Foul Ball, location: 5SF
0-2: Ball
1-2: Foul Ball, location: 3F
1-2: Ball
2-2: Foul Ball, location: 2F
2-2: Foul Ball, location: 25F
2-2: Fly out, F8 (Line Drive, 8RM, EV 98.8 MPH)
Batting: RHB Matt Brooks 0-0: Called Strike
0-1: Called Strike
0-2: Ground out 5-3 (Groundball, 56S, EV 76.3 MPH)
Top of the 8th over - 0 runs, 0 hits, 0 errors, 2 left on base; Helena 3 - Orem 3
BOTTOM OF THE 8TH
Orem Owlz batting - Pitching for Helena Brewers : RHP Lorenzo Parra
Now at 2B: Jayden Cane
Now in LF: Bobby Trevino
Now in RF: Chris Nielsen
Batting: RHB Dave Blair 0-0: Ball
1-0: Ball
2-0: Called Strike
2-1: Ball
3-1: Called Strike
3-2: Foul Ball, location: 2F
3-2: Ground out 5-3 (Groundball, 56S, EV 72.5 MPH)
Batting: RHB Dustin Flowers 0-0: Swinging Strike
0-1: Foul Ball, location: 23F
0-2: Strikes out swinging
Batting: RHB Greg Buchholtz 0-0: Ground out 6-3 (Groundball, 6, EV 89.4 MPH)
Bottom of the 8th over - 0 runs, 0 hits, 0 errors, 0 left on base; Helena 3 - Orem 3
TOP OF THE 9TH
Helena Brewers batting - Pitching for Orem Owlz : LHP Steve Markussen
Batting: RHB Judah Williams 0-0: Called Strike
0-1: Foul Ball, location: 9LDF
0-2: Fly out, F7 (Line Drive, 78M, EV 86.9 MPH)
Batting: RHB Danny Altamirano 0-0: Fly out, F2 (Popup, 5SF, EV 76.3 MPH)
Batting: RHB Chris Nielsen 0-0: Ball
1-0: Foul Ball, location: 23F
1-1: Swinging Strike
1-2: Foul Ball, location: 3FF
1-2: Ball
2-2: Ball
3-2: Foul Ball, location: 2F
3-2: Foul Ball, location: 2F
3-2: Foul Ball, location: 9LMF
3-2: Strikes out looking
Top of the 9th over - 0 runs, 0 hits, 0 errors, 0 left on base; Helena 3 - Orem 3
BOTTOM OF THE 9TH
Orem Owlz batting - Pitching for Helena Brewers : RHP Lorenzo Parra
Batting: RHB Glenn Sciancalepore 0-0: Ball
1-0: Called Strike
1-1: Foul Ball, location: 9LSF
1-2: Strikes out swinging
Batting: RHB Rich Howes 0-0: Foul Ball, location: 2F
0-1: Fly out, F8 (Flyball, 8RM, EV 93.1 MPH)
Pinch Hitting: RHB Bill Payne 0-0: Ball
1-0: Called Strike
1-1: Swinging Strike
1-2: Ball
2-2: Foul Ball, location: 23FF
2-2: Ground out 6-3 (Groundball, 6, EV 85.6 MPH)
Bottom of the 9th over - 0 runs, 0 hits, 0 errors, 0 left on base; Helena 3 - Orem 3
TOP OF THE 10TH
Helena Brewers batting - Pitching for Orem Owlz : LHP Steve Markussen
Chris Nielsen starts the inning at 2nd base.
Pitching: RHP Vinny Garza
Now at C: Kyle Reavis
Batting: RHB David Minnis 0-0: Called Strike
0-1: Ball
1-1: Ground out 6-3 (Groundball, 6, EV 80.0 MPH)
Chris Nielsen to third
Batting: LHB Bobby Trevino 0-0: Intentional Walk
Batting: RHB Alex Andrade 0-0: Ball
1-0: Ball
2-0: Foul Ball, location: 2LF
2-1: Ball
3-1: Base on Balls
Bobby Trevino to second
Batting: RHB Matt Lewis 0-0: Fly out, F9 (Flyball, 9D, EV 110.6 MPH)
Runner from 3rd tags up, SCORES, no throw by RF
Batting: RHB Jayden Cane 0-0: Ball
1-0: Ball
2-0: Ball
3-0: Called Strike
3-1: Foul Ball, location: 2F
3-2: SINGLE (Groundball, 34D, EV 94.4 MPH)
Bobby Trevino to third
Alex Andrade to second
Bobby Trevino scores
Alex Andrade to third
Batting: RHB Matt Brooks 0-0: Ball
1-0: Called Strike
1-1: Ball
2-1: Swinging Strike
2-2: Ball
3-2: Strikes out swinging
Top of the 10th over - 2 runs, 1 hit, 0 errors, 2 left on base; Helena 5 - Orem 3
BOTTOM OF THE 10TH
Orem Owlz batting - Pitching for Helena Brewers : RHP Lorenzo Parra
Kyle Reavis starts the inning at 2nd base.
Pitching: RHP John Nelson
Batting: RHB Bobby Canfield 0-0: Ball
Wild Pitch!
Kyle Reavis to third
1-0: Swinging Strike
1-1: Ball
2-1: Foul Ball, location: 2F
2-2: Foul Ball, location: 2F
2-2: Strikes out swinging
Batting: RHB Manny Guerrero 0-0: SINGLE (Line Drive, 7S, EV 98.1 MPH)
Kyle Reavis scores
Batting: RHB Edgar Palomera 0-0: Ball
1-0: Swinging Strike
1-1: Swinging Strike
1-2: Foul Ball, location: 25F
1-2: Fly out, F7 (Flyball, 7S, EV 99.4 MPH)
Batting: RHB Dave Blair 0-0: Ball
1-0: Ball
2-0: Ball
3-0: Called Strike
3-1: Foul Ball, location: 3F
3-2: Foul Ball, location: 2F
3-2: Strikes out swinging
Bottom of the 10th over - 1 run, 1 hit, 0 errors, 1 left on base; Helena 5 - Orem 4
Wednesday, May 15th , 2024 - OOTP Baseball 24.11 Build 85